 Dungeon Crawl Stone Soup version 0.21-a0-434-g806c6c2 (webtiles) character file.

7 slep the Chiller (level 1, 0/13 HPs)
             Began as a Demonspawn Ice Elementalist on Nov 9, 2017.
             Slain by a gnoll
             ... wielding a +0 club
              (8 damage)
             ... on level 1 of the Dungeon.
             The game lasted 00:02:22 (369 turns).

slep the Chiller (Demonspawn Ice Elementalist)       Turns: 369, Time: 00:02:23

Health: 0/13       AC:  2    Str:  8    XL:     1   Next: 91%
Magic:  2/3        EV: 12    Int: 16    God:
Gold:   36         SH:  0    Dex: 13    Spells: 3/4 levels left

rFire    . . .     SeeInvis .   (no weapon)
rCold    . . .     Gourm    .   (no shield)
rNeg     . . .     Faith    .   a - +0 robe
rPois    .         Spirit   .   (no helmet)
rElec    .         Reflect  .   (no cloak)
rCorr    .         Harm     .   (no gloves)
MR       .....                  (no boots)
Stlth    ++........             (no amulet)
HPRegen  0.04/turn              (no ring)
MPRegen  0.08/turn              (no ring)

@: no status effects
A: no striking features
a: no special abilities


You were on level 1 of the Dungeon.
You were not hungry.

You visited 1 branch of the dungeon, and saw 1 of its levels.

You collected 36 gold pieces.

Inventory:

Armour
 a - a +0 robe (worn)
Scrolls
 e - a scroll of fear {unknown}
 g - a scroll of enchant weapon {unknown}
Potions
 d - a potion of haste {unknown}
Books
 b - a book of Frost

   Spells                             Type                      Level
   a - Freeze                         Ice                          1
   b - Throw Frost                    Conjuration/Ice              2
   c - Ozocubu's Armour               Charms/Ice                   3
   d - Throw Icicle                   Conjuration/Ice              4
   e - Summon Ice Beast               Ice/Summoning                4
Comestibles
 c - a bread ration
 f - a meat ration


   Skills:
 + Level 2.0 Dodging
 + Level 1.7 Stealth
 + Level 0.3 Unarmed Combat
 + Level 2.1 Spellcasting
   Level 1.0 Conjurations
 + Level 2.9 Ice Magic


You had 3 spell levels left.
You knew the following spells:

 Your Spells              Type           Power        Failure   Level  Hunger
a - Freeze                Ice            ##..         6%          1    #......


Dungeon Overview and Level Annotations

Branches:
Dungeon (1/15)

Altars:


Message History

You enter the shallow water.
Moving in this stuff is going to be slow.
Found two escape hatches in the floor.
Why would you want to do that? Why would you want to do that?
There is an open door here.
There is a stone staircase leading down here.
You see here a stone.
The gnoll shouts!
The gnoll is too close now for your liking.
Casting: Freeze
Confirm with . or Enter, or press ? or * to list all spells.
Aiming: Freeze
Press: ? - help, Shift-Dir - straight line, f - gnoll
Aim: a gnoll, wielding a club You freeze the gnoll.
The gnoll is heavily wounded.
The gnoll hits you with a club!
Ouch! That really hurt!
You die...

###.##.# ##.......#?# #
#.##.# #..#.#.#.#r# #
#.##.# #........#.# #
#.##.# #..#.#.#.#.#
###.(..#####..).....#.#
..............#.#.#...##.#
###.####..(..............#
#.####.###..####...#####
#......# #..#.@g.##...#
#.###### #....#..#.%#.....
#.########...###...###.##.
#.............#..#..#..#
###########.#...## ...##
#.##.## ..# #.#...## ...
#..†#..# #..###...##


You could see a gnoll.

Vanquished Creatures
  2 giant cockroaches (D:1)
  2 goblins (D:1)
  A kobold (D:1)
  A frilled lizard (D:1)
6 creatures vanquished.

Notes
Turn   | Place    | Note
-------+----------+-------------------------------------------
     0 | D:1      | slep the Demonspawn Ice Elementalist began the quest for the Orb.
     0 | D:1      | Reached XP level 1. HP: 13/13 MP: 3/3
   369 | D:1      | Slain by a gnoll

Vault maps used:
D:1:      evilmike_arrival_crescent, serial_glass, glass_columns_c,
          glass_columns_b, due_unseen_surprise, minmay_strange_pillars,
          serial_park_tiny_1

Skill      XL: |  1 |
---------------+----+-----
Dodging        | 2 |  2.0
Stealth        | |  1.7
Unarmed Combat | |  0.3
Spellcasting   | |  2.1
Conjurations   | |  1.0
Ice Magic      | |  2.9

Action                   || total
-------------------------++-------
Melee: Unarmed           ||    40
 Cast: Freeze            ||     4
Armor: Robe              ||     5
Dodge: Dodged            ||    34

Table legend:
 A = Spawn XP
 B = Non-spawn XP
 C = Spawn XP percentage of total XP
 D = Spawn monster count
 E = Non-spawn monster count
 F = Spawn count percentage of total count
 G = Total turns spent on level
                    A         B        C        D         E        F      G
               +---------+---------+-------+---------+---------+-------+---------
         Total |       0 |      11 |   0.0 |       0 |       6 |   0.0 |   369
               +---------+---------+-------+---------+---------+-------+---------
           D:1 |       0 |      11 |   0.0 |       0 |       6 |   0.0 |   369
               +---------+---------+-------+---------+---------+-------+---------
